 Dungeon Crawl Stone Soup version 0.29-a0-994-gc5c9f59d18 (webtiles) character file.

Game seed: 13753008690586662115

42 vurker the Sneak (level 3, -1/18 HPs)
             Began as a Vine Stalker Enchanter on Aug 3, 2022.
             Frozen to death by an endoplasm (4 damage)
             ... on level 2 of the Dungeon.
             The game lasted 00:01:29 (1526 turns).

vurker the Sneak (Vine Stalker Enchanter)           Turns: 1526, Time: 00:01:30

Health: -1/18      AC:  2    Str: 12    XL:     3   Next: 54%
Magic:  0/7        EV: 12    Int: 15    God:
Gold:   41         SH:  0    Dex: 14    Spells: 6/6 levels left

rFire   . . .      SeeInvis .   a - +1 dagger
rCold   . . .      Faith    .   (no shield)
rNeg    . . .      Spirit   +   b - +0 robe
rPois   .          Reflect  .   (no helmet)
rElec   .          Harm     .   (no cloak)
rCorr   .          Rampage  .   (no gloves)
Will    .....                   (no boots)
Stlth   ++........              (no amulet)
HPRegen 0.06/turn               (no ring)
MPRegen 0.10/turn               (no ring)

@: lethally poisoned (-1 -> -2)
A: fangs 2, magic shield, antimagic bite, no potion heal 2
a: no special abilities


You were on level 2 of the Dungeon.
You visited 1 branch of the dungeon, and saw 2 of its levels.

You collected 41 gold pieces.

Inventory:

Hand Weapons
 a - a +1 dagger (weapon)
Armour
 b - a +0 robe (worn)
Scrolls
 e - a scroll of magic mapping
 f - a scroll of identify
 g - 2 scrolls of fog {unknown}
 h - a scroll of summoning {unknown}
Potions
 c - 2 potions of invisibility
 d - a potion of degeneration {unknown}
 i - a potion of haste {unknown}


   Skills:
 + Level 1.3 Fighting
 * Level 2.5 Short Blades
 - Level 1.5 Dodging
 - Level 3.6 Stealth
 - Level 2.1 Spellcasting
 - Level 3.0 Hexes


You had 6 spell levels left.
You didn't know any spells.
Your spell library contained the following spells:

 Spells                   Type           Power      Damage    Failure   Level
 Ensorcelled Hibernation  Hex/Ice        12%        N/A       19%         2
 Confusing Touch          Hex            10%        N/A       19%         3
 Tukima's Dance           Hex            10%        N/A       19%         3
 Dazzling Flash           Conj/Hex       12%        N/A       34%         3


Dungeon Overview and Level Annotations

Branches:
Dungeon (2/15)

Altars:

Shops:
D:1 =


Innate Abilities, Weirdness & Mutations

You have extremely sharp teeth.
When hurt, damage is shared between your health and your magic reserves.
Your bite disrupts and absorbs the magic of your enemies.
Potions cannot restore your health.


Message History

Done exploring.
Done exploring.
Done exploring.
Done exploring.
There is an escape hatch in the floor here.
You slide downwards.
The hatch slams shut behind you.
The adder hisses angrily. x2
Found an orange potion and 22 gold pieces.
The goblin shouts!
You hear a shout!
A jackal comes into view.
A giant cockroach comes into view.
Found a sling.
An adder comes into view.
Found 11 gold pieces.
Found a stone staircase leading up.
The helpless giant cockroach fails to defend itself.
You puncture the giant cockroach!
You kill the giant cockroach!
Found 7 stones.
A jackal comes into view.
A hobgoblin comes into view.
Found 9 gold pieces.
The hobgoblin shouts!
The adder misses you.
You barely miss the adder. The adder closely misses you.
The adder barely misses you.
An endoplasm comes into view.
The adder barely misses you. The adder closely misses you.
The adder attacks as you move away! The adder closely misses you.
The adder attacks as you move away! The adder barely misses you.
The hobgoblin hits you. The adder bites you. The adder closely misses you.
The adder attacks as you move away! The adder bites you but does no damage.
The adder attacks as you move away! The adder bites you.
You are poisoned.
The adder poisons you! The hobgoblin attacks as you move away!
The hobgoblin hits you.
* * * LOW HITPOINT WARNING * * *
You feel sick. The endoplasm freezes you.
You are frozen.
* * * LOW HITPOINT WARNING * * *
The adder barely misses you. The adder attacks as you move away!
The adder bites you.
You feel sick. The endoplasm hits you.
* * * LOW HITPOINT WARNING * * *
You feel sick. The endoplasm freezes you.
You are frozen.
You die...

#### #### ...##
#... ....#######
#... #$.........
#...####..........
#...@.##..........#
##.##JS#..(.......#
# ##Sg..........#
#.$g.<.......#
#..#S.........#
#.##.......)..# ...
#........... ####
###.....###.
###.........


You could see 3 adders, an endoplasm, a hobgoblin and a goblin.

Vanquished Creatures
  A dart slug (D:1)
  4 ball pythons (D:1)
  4 bats (D:1)
  6 endoplasms (D:1)
  2 giant cockroaches
  2 goblins (D:1)
  4 hobgoblins (D:1)
  3 jackals (D:1)
  4 kobolds (D:1)
  A quokka (D:1)
  A frilled lizard (D:1)
32 creatures vanquished.

Notes
Turn   | Place    | Note
-------+----------+-------------------------------------------
     0 | D:1      | vurker the Vine Stalker Enchanter began the quest for the
                  | Orb.
     0 | D:1      | Reached XP level 1. HP: 9/9 MP: 4/4
    56 | D:1      | Reached skill level 1 in Short Blades
   310 | D:1      | Reached XP level 2. HP: 14/14 MP: 6/6
   361 | D:1      | Found Faoh's Jewellery Shop.
   548 | D:1      | Reached skill level 1 in Fighting
   869 | D:1      | Reached XP level 3. HP: 17/18 MP: 7/7
  1526 | D:2      | Frozen to death by an endoplasm

Illustrated notes

Levels and vault maps discovered:
D:1:      saegor_arrival_simple_c, layout_loops_cross, serial_shops,
          nicolae_shop_crystal, minmay_tetromino_o4
D:2:      layout_rooms, basic_ecumenical_altar

Skill      XL: |  1  2 |
---------------+-------+-----
Short Blades   | 1 2 |  2.5
Fighting       | 1 |  1.3
Dodging        | |  1.5
Stealth        | |  3.6
Spellcasting   | |  2.1
Hexes          | |  3.0

Action                   || total
-------------------------++-------
Melee: Dagger            ||   103
       Bite              ||    18
  Use: Scroll            ||     2
 Stab: Sleeping          ||     7
Armor: Robe              ||    17
Dodge: Dodged            ||    58

Table legend: (Time is in decaauts)
 A = Elapsed time spent in this place.
 B = Non-inter-level travel time spent in this place.
 C = Inter-level travel time spent in this place.
 D = Time resting spent in this place.
 E = Time spent auto-exploring this place.
 F = Levels seen in this place.
 G = Mean time per level.
                   A        B        C        D        E       F      G
               +--------+--------+--------+--------+--------+-----+--------+
         Total |   1515 |   1481 |     34 |      0 |   1258 |   2 |  757.5 |
       Dungeon |   1515 |   1481 |     34 |      0 |   1258 |   2 |  757.5 |
               +--------+--------+--------+--------+--------+-----+--------+

Top non-repeatable levels by time:
     D:1: 1491 daAuts
     D:2: 24 daAuts
